 Dungeon Crawl Stone Soup version 0.28.0-45-g0d030f2227 (webtiles) character file.

Game seed: 14043364538782962184

31 seaoflcl the Covered (level 3, -3/29 HPs)
             Began as a Human Fighter on Apr 23, 2022.
             Slain by a gnoll
             ... wielding a +0 spear
              (5 damage)
             ... on level 2 of the Dungeon.
             The game lasted 00:01:05 (1069 turns).

seaoflcl the Covered (Human Fighter)                Turns: 1069, Time: 00:01:05

Health: -3/29      AC:  9    Str: 18    XL:     3   Next: 40%
Magic:  3/3        EV:  6    Int:  8    God:
Gold:   19         SH:  4    Dex: 12    Spells: 2/2 levels left

rFire   . . .      SeeInvis .   i - +3 hand axe
rCold   . . .      Faith    .   c - +0 buckler
rNeg    . . .      Spirit   .   l - +0 chain mail
rPois   .          Reflect  .   (no helmet)
rElec   .          Harm     .   (no cloak)
rCorr   .          Rampage  .   (no gloves)
Will    .....                   (no boots)
Stlth   ..........              (no amulet)
HPRegen 0.09/turn               (no ring)
MPRegen 0.08/turn               (no ring)

@: no status effects
A: no striking features
a: no special abilities


You were on level 2 of the Dungeon.
You visited 1 branch of the dungeon, and saw 2 of its levels.

You collected 19 gold pieces.

Inventory:

Hand Weapons
 a - a +0 long sword
 i - a +3 hand axe (weapon)
Armour
 c - a +0 buckler (worn)
 l - a +0 chain mail (worn)
Jewellery
 f - a ring of magical power
 k - a ring of poison resistance
Scrolls
 h - a scroll of identify {unknown}
 j - a scroll of teleportation {unknown}
Potions
 d - a potion of might
 e - 2 potions of heal wounds {unknown}
 g - a potion of flight {unknown}


   Skills:
 + Level 3.4 Fighting
 + Level 2.2 Long Blades
 + Level 3.4 Armour
 + Level 0.1 Dodging
 + Level 3.3 Shields


You had 2 spell levels left.
You didn't know any spells.
Your spell library contained the following spells:

 Spells                   Type           Power      Damage    Failure   Level
 Pain                     Necr           0%         1d4       100%        1
 Agony                    Necr           0%         N/A       100%        5
 Excruciating Wounds      Necr           0%         N/A       100%        5


Dungeon Overview and Level Annotations

Branches:
Dungeon (2/15)

Altars:


Message History

A gnoll comes into view. It is wielding a +0 spear.
Found 2 gold pieces.
The gnoll shouts!
A gnoll comes into view. It is wielding a +0 halberd.
A gnoll comes into view. It is wielding a +0 club.
The jackal barely misses you.
You slash the jackal!
You kill the jackal!
A gnoll comes into view. It is wielding a +0 whip of flaming.
The gnoll hits you from afar with a +0 halberd.
The gnoll barely misses you.
You hit the gnoll.
The gnoll is heavily wounded.
The gnoll hits you from afar with a +0 halberd.
The gnoll hits you but does no damage.
You hit the gnoll but do no damage.
The gnoll is heavily wounded.
You barely miss the gnoll. The gnoll hits you but does no damage.
You block the gnoll's attack. The gnoll hits you with a +0 spear.
The gnoll closely misses you. The gnoll hits you with a +0 club.
You are too injured to fight recklessly!
You block the gnoll's attack.
You barely miss the gnoll. The gnoll closely misses you.
You block the gnoll's attack.
You hit the gnoll.
The gnoll is moderately wounded.
The gnoll hits you but does no damage.
The gnoll hits you with a +0 whip of flaming.
The gnoll burns you.
* * * LOW HITPOINT WARNING * * *
You closely miss the gnoll.
The gnoll is moderately wounded.
The gnoll barely misses you. The gnoll hits you but does no damage.
You slash the gnoll!
You kill the gnoll!
The gnoll barely misses you.
The gnoll hits you from afar with a +0 spear.
* * * LOW HITPOINT WARNING * * *
The gnoll hits you with a +0 spear.
You die...

#.......$.# .#
#.........# ..#
#.........####..#
#................
#................
#................
.####..>g........
#####.######.#.
.# #ggg@..#...#.#
#####.###..#.#
#..#.# ..#.#
#....# #.#.#
##.### #...# #.#
#...# #.# #.<>#
#.######..##
#.#.......#


You could see 3 gnolls.

Vanquished Creatures
  A gnoll (D:2)
  A dart slug (D:1)
  An endoplasm (D:1)
  A hobgoblin (D:1)
  2 jackals (D:2)
  2 kobolds
  A quokka (D:1)
  A ball python (D:1)
  A frilled lizard (D:1)
  3 goblins (D:1)
  7 rats (D:1)
21 creatures vanquished.

Notes
Turn   | Place    | Note
-------+----------+-------------------------------------------
     0 | D:1      | seaoflcl the Human Fighter began the quest for the Orb.
     0 | D:1      | Reached XP level 1. HP: 18/18 MP: 1/1
   431 | D:1      | Reached XP level 2. HP: 16/24 MP: 2/2
   819 | D:1      | Found a faded altar of an unknown god.
  1053 | D:2      | Reached XP level 3. HP: 29/29 MP: 3/3
  1069 | D:2      | Slain by a gnoll

Illustrated notes

Levels and vault maps discovered:
D:1:      dpeg_arrival_ratfight, layout_rooms, shapermc_ecumenical_altar_ellora,
          grunt_decor_resistance
D:2:      layout_basic, grunt_ministairs_12, amethyst_killhole,
          minmay_diced_spiral

Action                   || total
-------------------------++-------
Melee: Long sword        ||    46
       Hand axe          ||    15
Armor: Scale mail        ||    23
       Chain mail        ||     4
Dodge: Dodged            ||    28
Block: Buckler           ||    12
